 Dungeon Sprint DCSS version 0.18.1-50-g88ac8fd (webtiles) character file.

1170 saintsgambit the Blocker (level 8, -3/82 HPs)
             Began as a Minotaur Fighter on Sept 24, 2016.
             Was a Priest of the Shining One.
             Slain by a centaur warrior
             ... wielding a cursed -1 longbow
              (11 damage)
             ... in the Dungeon (Sprint IX: "|||||||||||||||||||||||||||||").
             The game lasted 00:02:02 (197 turns).

saintsgambit the Blocker (Minotaur Fighter)          Turns: 197, Time: 00:02:03

Health: -3/82      AC: 21    Str: 23    XL:     8   Next: 17%
Magic:  2/7        EV: 10    Int:  8    God:    the Shining One [***...]
Gold:   0          SH:  6    Dex: 10    Spells: 0 memorised, 7 levels left

rFire  . . .     SeeInvis .     b - +2 dire flail (protect)
rCold  . . .     Gourm    .     p - +1 chain mail
rNeg   + . .     Faith    .     (shield currently unavailable)
rPois  .         Spirit   .     (helmet restricted)
rElec  .         Dismiss  .     (no cloak)
rCorr  .         Reflect  .     o - +0 pair of gloves
SustAt .         Harm     .     (no boots)
MR     .....     NoTele   +     (no amulet)
Stlth  ..........               q - +3 ring of intelligence
                                r - +2 ring of protection

@: divine shield, glowing, not resistant to hostile enchantments, extremely
unstealthy
A: retaliatory headbutt, horns 2
a: Divine Shield, Renounce Religion


You were in the Dungeon.
You worshipped the Shining One.
The Shining One was most pleased with you.
You were not hungry.

You visited 1 branch

Inventory:

Hand Weapons
 a - a +0 flail
 b - a +2 dire flail of protection (weapon)
Armour
 c - a +0 shield
 o - a +0 pair of gloves (worn)
 p - a +1 chain mail (worn)
Jewellery
 q - a +3 ring of intelligence (right hand)
 r - a +2 ring of protection (left hand)
Wands
 n - a wand of acid (7/15)
Scrolls
 k - 2 scrolls of blinking
 l - 3 scrolls of remove curse
 m - 2 scrolls of amnesia
Potions
 d - a potion of might
 e - 5 potions of curing
 g - 3 potions of heal wounds
 h - a potion of haste
 i - 4 potions of magic
 j - a potion of berserk rage
Comestibles
 f - a bread ration


   Skills:
 + Level 11.0 Fighting
 + Level 10.0 Maces & Flails
 + Level 10.5 Armour
 + Level 5.1 Dodging
 + Level 11.8 Shields
 + Level 1.1 Invocations


You had 7 spell levels left.
You didn't know any spells.

Dungeon Overview and Level Annotations

Branches:
Dungeon (1/1)

Altars:
Cheibriados
Dithmenos
Elyvilon
Fedhas
Gozag
Kikubaaqudgha
Makhleb
Nemelex Xobeh
Okawaru
Pakellas
Qazlal
Ru
Sif Muna
Trog
Vehumet
Xom
Yredelemnul
Zin
The Shining One
Beogh
Jiyva
Lugonu


Innate Abilities, Weirdness & Mutations

You reflexively headbutt those who attack you in melee.
You have a pair of horns on your head.


Message History

You kill the centaur warrior!
Your Fighting skill gained 2 levels and is now at level 11!
Your Maces & Flails skill gained 3 levels and is now at level 10!
Your Armour skill increases to level 10!
Your Dodging skill gained 2 levels and is now at level 5!
Your Shields skill increases to level 11!
Your Invocations skill increases to level 1!
You have reached level 7!
You have reached level 8!
You feel stronger.
The centaur warrior wields a runed longbow.
The centaur warrior shoots an arrow.
The arrow hits you!
* * * LOW HITPOINT WARNING * * *
The centaur warrior completely misses you.
Things that are here:
an uncursed shortbow; 18 arrows; a centaur corpse You hit the centaur warrior.
The centaur warrior is lightly wounded.
The centaur warrior hits you with an enchanted longbow!
You die... ▓▓▓▓▓▓▓▓▓▓▓▓▓▓▓▓▓▓▓▓▓▓▓ +..J5c@†(.....).[.[.)|. ▓▓▓▓▓▓▓▓▓▓▓▓▓▓▓▓▓▓▓▓▓▓▓

You could see a centaur warrior, a jelly and a shadow imp.

Vanquished Creatures
  A centaur warrior (D)
  A troll (D)
  An ice beast (D)
  A crimson imp (D)
  A howler monkey (D)
  2 hounds (D)
  A worker ant (D)
  An adder (D)
  A shadow imp (D)
  A dart slug (D)
  2 giant geckos (D)
  An orc (D)
  A bat (D)
  2 goblins (D)
  A giant cockroach zombie (D)
  A rat (D)
19 creatures vanquished.

Vanquished Creatures (others)
  A spatial maelstrom (D)
1 creature vanquished.

Grand Total: 20 creatures vanquished

Notes
Turn   | Place    | Note
--------------------------------------------------------------
     0 | D        | saintsgambit the Minotaur Fighter began the quest for the Orb.
     0 | D        | Reached XP level 1. HP: 19/19 MP: 0/0
    11 | D        | Banished a spatial maelstrom
    33 | D        | Noticed a hound
    33 | D        | Noticed a worker ant
    34 | D        | Reached skill level 5 in Fighting
    34 | D        | Reached XP level 2. HP: 29/29 MP: 1/1
    41 | D        | Reached skill level 5 in Armour
    41 | D        | Reached skill level 5 in Shields
    41 | D        | Reached XP level 3. HP: 36/37 MP: 2/2
    46 | D        | Reached skill level 1 in Dodging
    58 | D        | Found a glowing silver altar of Zin.
    58 | D        | Found a glowing golden altar of the Shining One.
    58 | D        | Found an ancient bone altar of Kikubaaqudgha.
    58 | D        | Found a basalt altar of Yredelemnul.
    58 | D        | Found a shimmering altar of Xom.
    58 | D        | Found a radiant altar of Vehumet.
    59 | D        | Found an iron altar of Okawaru.
    60 | D        | Found a burning altar of Makhleb.
    61 | D        | Found a deep blue altar of Sif Muna.
    62 | D        | Found a bloodstained altar of Trog.
    63 | D        | Found a sparkling altar of Nemelex Xobeh.
    64 | D        | Found a white marble altar of Elyvilon.
    65 | D        | Found a roughly hewn altar of Beogh.
    66 | D        | Found a viscous altar of Jiyva.
    72 | D        | Became a worshipper of the Shining One
    78 | D        | Found a corrupted altar of Lugonu.
    79 | D        | Found a blossoming altar of Fedhas.
    80 | D        | Found a snail-covered altar of Cheibriados.
    81 | D        | Found a shadowy altar of Dithmenos.
    82 | D        | Found a stormy altar of Qazlal.
    83 | D        | Found an opulent altar of Gozag.
    84 | D        | Found a sacrificial altar of Ru.
    85 | D        | Found an oddly glowing altar of Pakellas.
   152 | D        | Noticed an ice beast
   152 | D        | Reached * piety under the Shining One
   154 | D        | Reached ** piety under the Shining One
   154 | D        | Reached XP level 4. HP: 45/45 MP: 3/3
   157 | D        | Reached XP level 5. HP: 52/52 MP: 4/4
   164 | D        | Killed an ice beast
   164 | D        | Reached skill level 5 in Maces & Flails
   176 | D        | Noticed a centaur warrior
   176 | D        | Reached *** piety under the Shining One
   176 | D        | Noticed a centaur warrior
   176 | D        | Noticed a troll
   181 | D        | Reached XP level 6. HP: 62/62 MP: 1/5
   187 | D        | Killed a troll
   187 | D        | Reached skill level 10 in Shields
   195 | D        | Killed a centaur warrior
   195 | D        | Reached skill level 10 in Maces & Flails
   195 | D        | Reached skill level 10 in Armour
   195 | D        | Reached skill level 5 in Dodging
   195 | D        | Reached skill level 1 in Invocations
   195 | D        | Reached XP level 7. HP: 20/74 MP: 2/6
   195 | D        | Reached XP level 8. HP: 22/82 MP: 2/7
   197 | D        | Slain by a centaur warrior

Skill      XL: |  1  2  3  4  5  6 |
---------------+-------------------+-----
Fighting       | 5 6 7 8 11 | 11.0
Armour         | 4 5 6 7 10 | 10.5
Shields        | 4 5 6 7 9 11 | 11.8
Maces & Flails | 3 4 6 10 | 10.0
Dodging        | 1 2 5 |  5.1
Invocations    | 1 |  1.1

Action                   |  1- 3 |  4- 6 |  7- 9 || total
-------------------------+-------+-------+-------++-------
Melee: Flail             |    37 |       |       ||    37
       Headbutt          |     6 |     4 |       ||    10
       Dire flail        |     2 |    31 |     1 ||    34
Invok: Divine Shield     |       |     1 |       ||     1
Armor: Scale mail        |    24 |       |       ||    24
       Chain mail        |     2 |    21 |       ||    23
Dodge: Dodged            |    11 |    11 |     1 ||    23
Block: Shield            |    21 |       |       ||    21
       Other             |       |     3 |       ||     3
